[Event "*** Titled Tuesday Blitz"]
[Site "Chess.com"]
[Date "2019.05.07"]
[Round "3"]
[White "H3nriqueTV"]
[Black "AlexandraBotez"]
[Result "0-1"]
[WhiteElo "1999"]
[BlackElo "1994"]
[TimeControl "180+2"]
[EndTime "13:38:05 PDT"]
[Termination "AlexandraBotez won by resignation"]

1. b3 Nf6 2. Bb2 e6 3. g3 d5 4. Bg2 c5 5. d3 Nc6 6. Nf3 Be7 7.
O-O O-O 8. Nbd2 Rb8 9. e4 b5 10. exd5 exd5 11. c4 bxc4 12. dxc4 d4 13. Re1 Nb4 14.
Ne5 Bd6 15. a3 Bxe5 16. axb4 Bd6 17. b5 Qc7 18. Ne4 Nxe4 19. Bxe4 f5 20. Bd5+ Kh8 21.
Qh5 Be5 22. f4 Bf6 23. Re8 Bd7 24. Rxf8+ Rxf8 25. Ra6 Bc8 26. Rc6 Qe7 27. Qf3 Re8 28.
Ba3 Qe1+ 29. Kg2 Qd2+ 30. Kh3 d3 31. Bxc5 Qe2 32. Rxc8 Rxc8 33. Qxe2 dxe2 34. Bf2 Bc3 35. c5 e1=Q 36. Bxe1 Bxe1 37. b6 axb6 38. cxb6 Rb8 39. b7 0-1

[Event "*** Titled Tuesday Blitz"]
[Site "Chess.com"]
[Date "2019.05.07"]
[Round "3"]
[White "ZuchBolt"]
[Black "Misha_Bilous"]
[Result "1-0"]
[WhiteElo "2283"]
[BlackElo "2289"]
[TimeControl "180+2"]
[EndTime "13:38:07 PDT"]
[Termination "ZuchBolt won on time"]

1. d4 Nf6 2. c4 g6 3. Nc3 Bg7 4. e4 d6 5. Be2 O-O 6. Bg5 c5 7. d5 h6 8. Bf4 e6 9. Nf3 exd5 10.
exd5 a6 11. O-O Re8 12. Qd2 Kh7 13. Rfe1 Bf5 14. Bf1 Ne4 15. Nxe4 Bxe4 16. Re3 Qf6 17. Bg3 Qxb2 18. Qxb2 Bxb2 19. Rae1 f5 20. Nd2 Nd7 21.
Bxd6 Bd4 22. Rb3 b6 23. Nxe4 fxe4 24. Bc7 Nf6 25. Rxb6 Ng4 26. Bg3 e3 27. fxe3 Nxe3 28.
Bf2 Nxc4 29. Rb7+ Kg8 30. Rxe8+ Rxe8 31. Bxc4 Re1+ 32. Bf1 1-0

[Event "*** Titled Tuesday Blitz"]
[Site "Chess.com"]
[Date "2019.05.07"]
[Round "3"]
[White "Philosopherrr"]
[Black "Sutormin_DA"]
[Result "0-1"]
[WhiteElo "2510"]
[BlackElo "2529"]
[TimeControl "180+2"]
[EndTime "13:38:08 PDT"]
[Termination "Sutormin_DA won by resignation"]

1. e4 c5 2. Nf3 e6 3. d4 cxd4 4. Nxd4 Nc6 5. Nc3 Qc7 6. g3 Nf6 7. Bg2 Be7 8. O-O d6 9. Re1 a6 10. Nxc6 bxc6 11. e5 dxe5 12. Rxe5 O-O 13. Bf4 Bd6 14.
Rxe6 Bxf4 15. Rxc6 Qb8 16. Rxf6 gxf6 17. Bxa8 Be5 18.
Be4 Qxb2 19. Rb1 Qxc3 20. Qh5 f5 21. Bxf5 Bxf5 22. Qxf5 Bg7 23. h4 Rc8 24. Rd1 Re8 25. Rd7 Qf6 26. Qd5 Qe6 27. Qd3 Qe1+ 28. Kg2 Qe4+ 29.
Qxe4 Rxe4 30. Rd8+ Bf8 31. Ra8 Ra4 32. Rc8 Rxa2 33. c4 Rc2 34. Ra8 Kg7 35. Rxa6 Bc5 36. Kh3 Bxf2 37. Ra4 Rc3 38. Kg2 Bxg3 39. h5 Bf4 40. c5 Be5 41. Rg4+ Kh6 0-1

[Event "*** Titled Tuesday Blitz"]
[Site "Chess.com"]
[Date "2019.05.07"]
[Round "3"]
[White "Benjoneliere44"]
[Black "TheGandhiOfChess"]
[Result "1-0"]
[WhiteElo "2488"]
[BlackElo "2242"]
[TimeControl "180+2"]
[EndTime "13:38:09 PDT"]
[Termination "Benjoneliere44 won by resignation"]

1. e4 e5 2. Nf3 Nc6 3. Bb5 Nf6 4. O-O Nxe4 5. d4 Nd6 6. Bxc6 dxc6 7. dxe5 Nf5 8.
Qxd8+ Kxd8 9. h3 Be7 10. Nc3 Nh4 11. Nxh4 Bxh4 12. Ne4 Bf5 13. Bg5+ Ke8 14. Nf6+ gxf6 15. Bxh4 fxe5 16. Rfe1 e4 17. g4 Bg6 18. Bf6 Rg8 19. f4 Kd7 20. Kf2 Ke6 21. Be5 f5 22. Bxc7 Rg7 23.
Be5 Rd7 24. Ke3 Rad8 25. Re2 Rd1 26. Rxd1 Rxd1 27. Rd2 Rxd2 28. Kxd2 h5 29. g5 Kd5 30.
h4 c5 31. Kc3 b5 32. b3 a5 33. a4 bxa4 34. bxa4 Be8 35. Bc7 Bxa4 36. g6 Be8 37. g7 Bf7 38. Bxa5 Bg8 39. Bc7 Kc6 40. Be5 Kd5 41. Kb3 e3 42. Kc3 Ke4 43. Bd6 Kf3 44. Bxc5 Kxf4 45. Kd3 Kg4 46. Bxe3 f4 47. Bf2 Kf3 48.
Be1 Kg2 49. c4 Kf1 50. Bc3 f3 51. Bd4 1-0

[Event "*** Titled Tuesday Blitz"]
[Site "Chess.com"]
[Date "2019.05.07"]
[Round "3"]
[White "FearNoEvil12"]
[Black "HrvojeZagreb"]
[Result "1-0"]
[WhiteElo "2014"]
[BlackElo "2019"]
[TimeControl "180+2"]
[EndTime "13:38:09 PDT"]
[Termination "FearNoEvil12 won by resignation"]

1. e4 e6 2. d4 d5 3. Nc3 dxe4 4.
Nxe4 Nd7 5. Nf3 Ngf6 6. Bd3 Be7 7.
Qe2 b6 8. Ne5 Bb7 9. f3 O-O 10.
Be3 Nxe5 11. dxe5 Nxe4 12. O-O-O Nc5 13. Bxh7+ Kxh7 14. Rxd8 Raxd8 15. h4 Rh8 16. Qf2 Kg8 17. Qg3 Kf8 18. h5 a5 19. h6 gxh6 20. Bxh6+ Ke8 21.
Qg7 Kd7 22. Rd1+ Kc8 23. Rxd8+ Rxd8 24. Qxf7 Rd7 25. Qe8+ Bd8 26. Be3 Rd5 27. f4 Rd7 28. g4 Bf3 29. b4 axb4 30. Bxc5 bxc5 31. Qxe6 Be2 32. g5 Bb5 33. g6 Kb7 34. f5 Bg5+ 35.
Kb2 c4 36. Qxd7 Bxd7 37. g7 Bf4 38. g8=Q Bxe5+ 39. Kb1 c6 40. Qxc4 Bc3 41. Qf7 Kc8 42.
f6 Bf5 43. Qe8+ Kc7 44. f7 b3 45. axb3 1-0

[Event "*** Titled Tuesday Blitz"]
[Site "Chess.com"]
[Date "2019.05.07"]
[Round "3"]
[White "Kangoroo3000"]
[Black "wonderfultime"]
[Result "0-1"]
[WhiteElo "2669"]
[BlackElo "2940"]
[TimeControl "180+2"]
[EndTime "13:38:10 PDT"]
[Termination "wonderfultime won by resignation"]

1. d4 d5 2. c4 c6 3. cxd5 cxd5 4. Bg5 h6 5. Bh4 Qb6 6. Nc3 e6 7. Qd2 Nc6 8. Rd1 Nf6 9. f3 Be7 10. e4 dxe4 11. fxe4 Nxe4 12. Nxe4 Bxh4+ 13. g3 Be7 14.
Nf3 O-O 15. Bc4 Qb4 16. Qxb4 Bxb4+ 17. Kf2 Rd8 18. a3 Ba5 19. b4 Bb6 20. Nc5 a5 21. Bb5 axb4 22. Bxc6 bxc6 23. axb4 Ra2+ 24. Ke3 Ba6 25.
Rhe1 Bc4 26. Ne5 Bd5 27. h4 Rda8 28. Ned3 R8a3 29. Rd2 Bc7 30. Rg1 Bd6 31. Ne4 Rxd2 32. Nxd2 Bxb4 33. Rb1 Bd6 34. Rg1 c5 35. g4 c4 0-1

[Event "*** Titled Tuesday Blitz"]
[Site "Chess.com"]
[Date "2019.05.07"]
[Round "3"]
[White "hansen"]
[Black "Szparu"]
[Result "1-0"]
[WhiteElo "2769"]
[BlackElo "2510"]
[TimeControl "180+2"]
[EndTime "13:38:10 PDT"]
[Termination "hansen won by resignation"]

1. e4 c5 2. Nf3 Nc6 3. Bb5 g6 4. O-O Bg7 5. Bxc6 bxc6 6. h3 d6 7. c3 Nf6 8. Re1 O-O 9. d4 cxd4 10. cxd4 Nd7 11. Nc3 c5 12. Be3 cxd4 13. Bxd4 Nf6 14. e5 dxe5 15. Nxe5 Be6 16. Qa4 Qe8 17. Qa5 Qd8 18.
Qa4 Qe8 19. Qa3 Nd7 20. Nc6 Bf6 21. Rad1 Nb6 22. Bxf6 exf6 23. Ne7+ Kg7 24. Ne4 Nc4 25. Qc5 Nxb2 26. Rd4 Rd8 27. Nd6 Qxe7 28. Nf5+ gxf5 29. Qxe7 Rxd4 30. Rxe6 1-0

[Event "*** Titled Tuesday Blitz"]
[Site "Chess.com"]
[Date "2019.05.07"]
[Round "3"]
[White "Denis_Palkovich"]
[Black "Babas"]
[Result "0-1"]
[WhiteElo "2260"]
[BlackElo "2433"]
[TimeControl "180+2"]
[EndTime "13:38:12 PDT"]
[Termination "Babas won on time"]

1. d4 Nf6 2. Bf4 c5 3. e3 g6 4. Nf3 Bg7 5. Be2 O-O 6. O-O b6 7. c4 cxd4 8. exd4 d5 9. Nc3 Nc6 10. c5 bxc5 11. dxc5 d4 12. Na4 Nd5 13. Bg5 h6 14.
Bd2 e5 15. Bb5 Qc7 16. Re1 Re8 17. Nxd4 Bd7 18. Nxc6 Bxc6 19. Bxc6 Qxc6 20. b4 a5 21. a3 e4 22. Ra2 Kh7 23. Qb3 Reb8 24. Nc3 Nxc3 25.
Bxc3 Bxc3 26. Qxc3 axb4 27. Qc4 bxa3 28. Qxf7+ Kh8 0-1

[Event "*** Titled Tuesday Blitz"]
[Site "Chess.com"]
[Date "2019.05.07"]
[Round "3"]
[White "LiamVrolijk"]
[Black "chessdjw"]
[Result "1-0"]
[WhiteElo "2484"]
[BlackElo "2677"]
[TimeControl "180+2"]
[EndTime "13:38:14 PDT"]
[Termination "LiamVrolijk won by resignation"]

1. d4 Nf6 2. c4 e6 3. Nf3 d5 4. Nc3 Bb4 5. Bg5 h6 6. Bxf6 Qxf6 7. e3 O-O 8. Rc1 dxc4 9. Bxc4 c5 10. O-O cxd4 11. Ne4 Qe7 12. a3 Ba5 13. Qxd4 Rd8 14.
Qe5 Bb6 15. Rfd1 Nd7 16. Qd6 Qxd6 17. Nxd6 Kf8 18. Bb5 Nf6 19. Ne5 Ke7 20. Nexf7 Rf8 21. Ne5 Nd5 22. Ng6+ Kxd6 23. Nxf8 Ke7 24. Ng6+ Kf6 25.
Nf4 Nxe3 26. fxe3 Bxe3+ 27. Kh1 Bxf4 28. Rf1 e5 29. g3 Bh3 30. gxf4 Bxf1 31. fxe5+ Kxe5 32. Bxf1 Rd8 33. Rc7 Rd1 34. Kg1 b6 35. Rxa7 Rb1 36.
b4 g5 37. Rb7 Rb3 38. Rxb6 Rxa3 39. Rxh6 Rb3 40. b5 Kf4 41. Rf6+ Ke3 42. Kg2 Ke4 43. b6 Kd5 44. Rf5+ Ke4 45. Rb5 1-0

[Event "*** Titled Tuesday Blitz"]
[Site "Chess.com"]
[Date "2019.05.07"]
[Round "3"]
[White "Keaton87"]
[Black "pheonixking2000"]
[Result "0-1"]
[WhiteElo "2543"]
[BlackElo "2774"]
[TimeControl "180+2"]
[EndTime "13:38:17 PDT"]
[Termination "pheonixking2000 won by resignation"]

1. Nf3 Nf6 2. c4 e6 3. g3 d5 4. d4 Bb4+ 5. Nc3 O-O 6. Bg2 Ne4 7. Qc2 c6 8. O-O f5 9. Bf4 Nd7 10. a3 Be7 11. b4 Bf6 12. b5 Qa5 13. bxc6 Qxc3 14.
Qxc3 Nxc3 15. cxd7 Nxe2+ 16. Kh1 Bxd7 17. Bd6 Rfd8 18.
cxd5 exd5 19. Ne5 Bc6 20. Bc5 Bxe5 21. dxe5 d4 22. Rad1 Bxg2+ 23. Kxg2 Rd5 24. Bd6 Nc3 25. Rd3 Rc8 26. Rc1 a5 27. a4 Rc6 28. Rc2 Kf7 29.
Rb2 b6 30. Rc2 Ke6 31. Kf3 Rc4 32. Rb2 Nxa4 33. Rb1 b5 34. g4 Rc3 35. Rd1 Rxd3+ 36. Rxd3 Nb2 37. Rb3 Nc4 38. gxf5+ Kxf5 39. Kg3 d3 0-1

[Event "*** Titled Tuesday Blitz"]
[Site "Chess.com"]
[Date "2019.05.07"]
[Round "3"]
[White "severomorskij"]
[Black "platy3"]
[Result "1/2-1/2"]
[WhiteElo "2773"]
[BlackElo "2764"]
[TimeControl "180+2"]
[EndTime "13:38:23 PDT"]
[Termination "Game drawn by repetition"]

1. d4 Nf6 2. c4 g6 3. Nc3 Bg7 4. e4 d6 5. Bd3 O-O 6. Nge2 e5 7. d5 a5 8. O-O Na6 9. a3 Bd7 10. Bc2 Nc5 11. b3 Ne8 12. Rb1 f5 13. exf5 gxf5 14.
b4 axb4 15. axb4 Na6 16. f4 Qe7 17. fxe5 dxe5 18. c5 Nxc5 19. bxc5 Qxc5+ 20. Kh1 e4 21. Bb2 Nd6 22. Na4 Bxa4 23. Bxa4 Bxb2 24. Rxb2 Qa3 25.
Qc1 Rxa4 26. Qg5+ Kh8 27. Rc2 Rc4 28. Nf4 Rxc2 29. Ng6+ Kg7 30. Ne5+ Kh8 31. Ng6+ Kg8 32. Ne5+ Kh8 33. Ng6+ hxg6 34. Qh6+ Kg8 35. Qxg6+ Kh8 36. Qh6+ Kg8 37. Qg6+ Kh8 38. Qh6+ Kg8 39. Qg6+ 1/2-1/2

[Event "*** Titled Tuesday Blitz"]
[Site "Chess.com"]
[Date "2019.05.07"]
[Round "3"]
[White "ENEASZ"]
[Black "mitrabhaa"]
[Result "0-1"]
[WhiteElo "2527"]
[BlackElo "2651"]
[TimeControl "180+2"]
[EndTime "13:38:29 PDT"]
[Termination "mitrabhaa won on time"]

1. e4 c6 2. Nc3 d5 3. Nf3 dxe4 4. Nxe4 Nf6 5. Nxf6+ exf6 6. h3 Bd6 7. Bc4 O-O 8. O-O Bf5 9. d4 Nd7 10. Re1 Re8 11.
Rxe8+ Qxe8 12. c3 Nf8 13. Be3 Bc7 14. Qd2 Qd7 15. Bf4 Bb6 16. Re1 Ne6 17. Bh2 Rd8 18. Nh4 Bg6 19. Nxg6 hxg6 20. Qe3 Nf8 21. Qe7 Ne6 22.
Qxd7 Rxd7 23. Rxe6 fxe6 24. Bxe6+ Rf7 25. Bd6 g5 26. Be7 Bc7 27. Kf1 Bf4 28. Ke2 f5 29.
g4 g6 30. Kd3 Kg7 31. Bxf7 Kxf7 32. Bc5 a6 33. c4 Ke6 34. f3 Bg3 35. Bb4 Bc7 36. Bd2 Bd8 37. Be3 Bf6 38. a4 Be7 39.
Bd2 Bf6 40. b4 Be7 41. b5 axb5 42. axb5 cxb5 43. d5+ Ke5 44. Bc3+ Kf4 45. cxb5 Kxf3 46. Be5 Bd8 47. d6 f4 48. d7 Kg2 49. Bd4 f3 0-1

[Event "*** Titled Tuesday Blitz"]
[Site "Chess.com"]
[Date "2019.05.07"]
[Round "3"]
[White "IIIlllII1llIl"]
[Black "DanielRensch"]
[Result "1-0"]
[WhiteElo "2729"]
[BlackElo "2450"]
[TimeControl "180+2"]
[EndTime "13:38:30 PDT"]
[Termination "IIIlllII1llIl won by resignation"]

1. e4 c5 2. c3 d6 3. d4 Nf6 4.
Bd3 g6 5. Ne2 Bg7 6. O-O O-O 7.
f3 a6 8. Be3 Qc7 9. Nd2 b6 10.
Qe1 Nc6 11. a3 Bb7 12. Qh4 e5 13. d5 Ne7 14. Bg5 Nexd5 15. exd5 Nxd5 16. c4 f6 17.
cxd5 fxg5 18. Qe4 Rae8 19. a4 Bc8 20. Qe3 Bh6 21. Ne4 Kg7 22. g4 Qe7 23. Kg2 Kg8 24. Rh1 Kg7 25. h4 Kg8 26. hxg5 Bg7 27. Rh3 Rf7 28. Rah1 Bh8 29. N2c3 Ref8 30. Qg1 Qd7 31. Qh2 Qe8 32. Rxh7 1-0

[Event "*** Titled Tuesday Blitz"]
[Site "Chess.com"]
[Date "2019.05.07"]
[Round "3"]
[White "Walter_White_Poland"]
[Black "Keithonsky"]
[Result "0-1"]
[WhiteElo "2290"]
[BlackElo "2375"]
[TimeControl "180+2"]
[EndTime "13:38:32 PDT"]
[Termination "Keithonsky won on time"]

1. e4 c5 2. Nf3 d6 3. d4 cxd4 4. Nxd4 Nf6 5. Nc3 a6 6. Bg5 e6 7. f4 Be7 8. Qf3 Qc7 9. O-O-O Nbd7 10. Bd3 b5 11. Rhe1 Bb7 12. Qg3 O-O-O 13. e5 dxe5 14. Ndxb5 axb5 15. fxe5 Nh5 16. Qh4 Bxg5+ 17. Qxg5 g6 18.
Nxb5 Qa5 19. Nd6+ Kb8 20. Nxf7 Nc5 21. Nxh8 Rxh8 22. Kb1 Na4 23. Qe7 Nf4 24. Be4 Nd5 25. Qd6+ Ka8 26. Bxd5 Bxd5 27. Rxd5 exd5 28. Qc6+ Ka7 29. Rf1 Nb6 30. Rf7+ Ka6 31. a3 Rb8 32. e6 Qe1+ 33. Ka2 Qe5 0-1

[Event "*** Titled Tuesday Blitz"]
[Site "Chess.com"]
[Date "2019.05.07"]
[Round "3"]
[White "Gubajdullin"]
[Black "Zq1"]
[Result "0-1"]
[WhiteElo "2537"]
[BlackElo "2517"]
[TimeControl "180+2"]
[EndTime "13:38:33 PDT"]
[Termination "Zq1 won by checkmate"]

1. d4 Nf6 2. Bf4 c5 3. e3 g6 4. Nf3 Bg7 5. Be2 O-O 6. O-O cxd4 7. exd4 d6 8. Nbd2 Nc6 9. Nc4 b5 10. Ne3 a6 11. d5 Na5 12. Nd4 Qc7 13. a4 Bb7 14. axb5 Nxd5 15. Nxd5 Bxd5 16. bxa6 Bc4 17.
Nb5 Qb6 18. Bxc4 Nxc4 19. Qd5 Nxb2 20. Be3 Qd8 21. a7 Qc8 22. Qxa8 Qxa8 23. Nc7 Qc6 24. a8=Q Qxc7 25. Qd5 Nc4 26. Bd4 e6 27. Qe4 Nd2 28. Qd3 Bxd4 29. Qxd4 Nxf1 30. Rxf1 d5 31. c3 Rc8 32. Rc1 Qc4 33. Qa7 d4 34. h4 h5 35.
Rb1 dxc3 36. Rb7 c2 37. Rxf7 c1=Q+ 38. Kh2 Qxh4# 0-1

[Event "*** Titled Tuesday Blitz"]
[Site "Chess.com"]
[Date "2019.05.07"]
[Round "3"]
[White "gliglu"]
[Black "Naruto-K"]
[Result "1-0"]
[WhiteElo "2721"]
[BlackElo "2534"]
[TimeControl "180+2"]
[EndTime "13:38:37 PDT"]
[Termination "gliglu won by resignation"]

1. d4 Nf6 2. c4 e6 3. Nf3 d5 4.
Nc3 Bb4 5. Bf4 dxc4 6. e3 b5 7. Nd2 Bxc3 8. bxc3 Bb7 9. Qc2 Nbd7 10. Be2 Bxg2 11.
Rg1 Bh3 12. Rxg7 Bf5 13. Qb2 Bg6 14. Qxb5 Nd5 15. Nxc4 Nxf4 16. exf4 Kf8 17. Ne5 Nf6 18. Rxg6 hxg6 19. Bf3 Rb8 20. Qc5+ Qd6 21. Qxa7 Rb2 22. Qa8+ Kg7 23. Qxh8+ Kxh8 24. Nxf7+ Kg7 25. Nxd6 cxd6 26. a4 d5 27. a5 Rb7 28. a6 Ra7 29. Kd2 Nd7 30.
Be2 Kf6 31. Rb1 Ra8 32. Rb7 Nb8 33. Rb6 Nd7 34. Rc6 Nb8 35. Rc8 1-0

[Event "*** Titled Tuesday Blitz"]
[Site "Chess.com"]
[Date "2019.05.07"]
[Round "3"]
[White "jncool68"]
[Black "MasterKroket"]
[Result "1-0"]
[WhiteElo "2602"]
[BlackElo "2354"]
[TimeControl "180+2"]
[EndTime "13:38:38 PDT"]
[Termination "jncool68 won on time"]

1. e4 c5 2. Nf3 e6 3. d4 cxd4 4.
Nxd4 Nc6 5. Nc3 Qc7 6. Be3 a6 7.
a3 Nf6 8. f4 h5 9. Qf3 b5 10.
O-O-O Bb7 11. h3 b4 12. axb4 Bxb4 13. Bd3 h4 14. Nb3 Na5 15. Nxa5 Qxa5 16. Bd4 Rc8 17. Qe3 Rh5 18. Kd2 Qc7 19. Ra1 Ra5 20. Rxa5 Qxa5 21. Ke2 Nh5 22. Kf2 Ng3 23. Re1 Kf8 24.
Kg1 Qc7 25. Rd1 Re8 26. Ne2 Nxe2+ 27. Bxe2 f5 28. c3 Bd6 29. e5 Be7 30. Qf2 Ra8 31. b4 Be4 32. Ra1 a5 33. b5 a4 34. b6 Qc6 35. Bf3 a3 36. Bxe4 Qxe4 37. Bc5 Bxc5 38. Qxc5+ Kf7 39. Qc7 Kg6 40. b7 Qe3+ 41. Kh1 Ra4 42.
b8=Q Rxf4 43. Qe8+ Kh6 44. Qcxd7 Qxc3 45. Qdxe6+ 1-0

[Event "*** Titled Tuesday Blitz"]
[Site "Chess.com"]
[Date "2019.05.07"]
[Round "3"]
[White "wannabe2700"]
[Black "Sashadav97"]
[Result "1-0"]
[WhiteElo "2609"]
[BlackElo "2548"]
[TimeControl "180+2"]
[EndTime "13:38:43 PDT"]
[Termination "wannabe2700 won by resignation"]

1. e4 c5 2. Nf3 Nc6 3. d4 cxd4 4. Nxd4 Nf6 5. Nc3 d6 6. Bg5 e6 7. Qd2 a6 8. O-O-O Be7 9. f4 Bd7 10. Nb3 b5 11. Bd3 Qc7 12. f5 Ne5 13. Nd4 O-O 14.
Kb1 Rab8 15. Nce2 Nc4 16. Qe1 Qc5 17. g4 a5 18. Bh4 e5 19. Nf3 d5 20. g5 Nxe4 21. Bxe4 dxe4 22. Rxd7 exf3 23. f6 fxe2 24. fxe7 Rfe8 25. Qxe2 Qb4 26. c3 Na3+ 27. Ka1 Qxh4 28.
bxa3 Qxg5 29. Qf2 Rxe7 30. h4 Qg6 31. Rxe7 Rf8 32. Rf1 e4 33. Qf5 Qc6 34. Kb2 b4 35. axb4 axb4 36. cxb4 Rc8 1-0

[Event "*** Titled Tuesday Blitz"]
[Site "Chess.com"]
[Date "2019.05.07"]
[Round "3"]
[White "Jenia84"]
[Black "monalize"]
[Result "1/2-1/2"]
[WhiteElo "2244"]
[BlackElo "2333"]
[TimeControl "180+2"]
[EndTime "13:38:43 PDT"]
[Termination "Game drawn by stalemate"]

1. e4 c5 2. Nf3 d6 3. d4 cxd4 4. Nxd4 Nf6 5. Nc3 a6 6. Be2 e6 7.
Be3 Qc7 8. g4 b5 9. g5 Nfd7 10.
Qd2 Bb7 11. f3 Ne5 12. O-O-O Nbd7 13. Ndxb5 axb5 14. Nxb5 Qc6 15. Nxd6+ Bxd6 16. Qxd6 Rxa2 17. Qxc6 Nxc6 18. Kb1 Ra5 19. c3 Ke7 20. b4 Ra3 21. Kb2 Rha8 22. Bb5 Ra2+ 23. Kb1 Nde5 24. f4 Ng4 25. Bc5+ Ke8 26. h3 Nf2 27. Bxf2 Rxf2 28. Rd6 Rc8 29. Rhd1 Rxf4 30. Rd7 Ba8 31. Ra7 Kf8 32.
Rxa8 Rxa8 33. Bxc6 Rb8 34. b5 Rf3 35. Kc2 Rxh3 36.
c4 h5 37. c5 Rg3 38. Re1 Rxg5 39. e5 f6 40. exf6 Rxc5+ 41. Kd3 gxf6 42. Rxe6 Kf7 43. Rd6 Rbxb5 44. Bxb5 Rxb5 45. Ke3 Kg6 46. Kf4 Rb4+ 47. Kg3 Kg5 48. Rd8 h4+ 49. Kg2 Rb3 50.
Rg8+ Kf4 51. Rh8 h3+ 52. Kf1 Kg4 53. Rg8+ Kf3 54. Kg1 Rb2 55. Rf8 Kg3 56. Rg8+ Kf4 57. Rh8 h2+ 58. Kh1 f5 59. Rh3 Kg4 60. Rg3+ Kxg3 1/2-1/2

[Event "*** Titled Tuesday Blitz"]
[Site "Chess.com"]
[Date "2019.05.07"]
[Round "3"]
[White "amatatanav"]
[Black "DanielNaroditsky"]
[Result "0-1"]
[WhiteElo "2498"]
[BlackElo "3122"]
[TimeControl "180+2"]
[EndTime "13:38:46 PDT"]
[Termination "DanielNaroditsky won on time"]

1. e4 e5 2. Bc4 Nf6 3. d3 Bc5 4. Nc3 O-O 5. f4 d5 6. Nxd5 Ng4 7. f5 Nf2 8. Qh5 Nxh1 9. Bg5 Qd6 10. Ne7+ Qxe7 11.
Bxe7 Bxe7 12. Nh3 b5 13. Bb3 a5 14. a3 a4 15. Ba2 b4 16. axb4 Nc6 17. c3 Ba6 18.
Bc4 Bxc4 19. dxc4 Rad8 20. Ke2 Rd6 21. Rxh1 Rfd8 22. Rb1 Rd2+ 23. Kf1 Rc2 24. Rd1 Rxb2 25. Rxd8+ Nxd8 26. Qd1 a3 27. f6 Bxf6 28. Qa4 Ne6 29.
Qxa3 Rd2 30. Qa8+ Bd8 31. Qc6 g6 32. Ng1 Rd1+ 33. Kf2 Rd2+ 34. Kf1 Rd1+ 35. Kf2 Rd2+ 36. Kf1 Bf6 37. Nf3 Rc2 38. Qe8+ Kg7 39. c5 Rxc3 40. Qd7 Rc4 41. Qd5 Rxb4 42. Nxe5 Rd4 0-1

[Event "*** Titled Tuesday Blitz"]
[Site "Chess.com"]
[Date "2019.05.07"]
[Round "3"]
[White "FrenchMonster2002"]
[Black "Caterpiller35"]
[Result "1-0"]
[WhiteElo "2394"]
[BlackElo "2395"]
[TimeControl "180+2"]
[EndTime "13:38:46 PDT"]
[Termination "FrenchMonster2002 won by resignation"]

1. e4 d5 2. exd5 Nf6 3. Nf3 Bg4 4. Be2 Qxd5 5. d4 Nc6 6. c4 Qh5 7. Be3 O-O-O 8. Nc3 e5 9. d5 e4 10.
Ng5 Bb4 11. Bxg4+ Nxg4 12. Nxf7 Rhf8 13. Nxd8 Nce5 14. Ne6 Nd3+ 15. Kd2 Ndxf2 16. Qe2 Rf5 17. Nxg7 Rxd5+ 18. cxd5 Qxd5+ 19. Kc1 Nd3+ 20. Kc2 Qd7 21.
Nh5 Bxc3 22. bxc3 Qa4+ 23. Kd2 Nge5 24. Qd1 Nc4+ 25. Ke2 Qe8 26. Nf4 Qg8 27. Nxd3 Qxg2+ 28. Nf2 Qf3+ 29. Ke1 Qxe3+ 30. Kf1 Qf3 31. Qxf3 Nd2+ 32. Ke2 exf3+ 33. Kxd2 1-0

[Event "*** Titled Tuesday Blitz"]
[Site "Chess.com"]
[Date "2019.05.07"]
[Round "3"]
[White "MFBerna"]
[Black "RojonR"]
[Result "0-1"]
[WhiteElo "2232"]
[BlackElo "2406"]
[TimeControl "180+2"]
[EndTime "13:38:50 PDT"]
[Termination "RojonR won by resignation"]

1. e4 e5 2. Nf3 Nc6 3. Bb5 Bc5 4.
O-O Nf6 5. Re1 d6 6. d3 O-O 7. c3 Ne7 8. Nbd2 c6 9. Ba4 Ng6 10.
Nf1 Re8 11. h3 Nh5 12. d4 Bb6 13. dxe5 dxe5 14. Qxd8 Rxd8 15. Be3 Nhf4 16. Ng3 Nd3 17. Re2 Ngf4 18. Bxf4 exf4 19. Nf5 Bxf5 20. exf5 Re8 21. Rxe8+ Rxe8 22. Nd4 Nxb2 23. Bb3 Nd3 24. Rd1 Nc5 25.
Bc4 Ne4 26. Re1 Bxd4 27. cxd4 Nd6 28. Rxe8+ Nxe8 29. Kf1 Nd6 30. Bd3 Kf8 31. Ke2 Nb5 32.
Bxb5 cxb5 33. Kf3 a5 34. Kxf4 b4 35. Ke4 a4 36. Kd3 b5 37. g4 Ke7 38. g5 Kd6 39. f4 f6 40. h4 h6 41. h5 Kd5 42. Ke3 b3 43. axb3 0-1

[Event "*** Titled Tuesday Blitz"]
[Site "Chess.com"]
[Date "2019.05.07"]
[Round "3"]
[White "Blitzstream"]
[Black "elefante33"]
[Result "0-1"]
[WhiteElo "2588"]
[BlackElo "2565"]
[TimeControl "180+2"]
[EndTime "13:38:53 PDT"]
[Termination "elefante33 won by resignation"]

1. d4 Nf6 2. Bg5 Ne4 3. Bh4 c5 4. f3 g5 5. fxe4 gxh4 6. e3 Qb6 7. Nc3 e6 8. Nf3 Bh6 9. Qd3 Nc6 10. d5 Nb4 11. Qd2 Bxe3 12. Qe2 Bh6 13. a3 Na6 14.
Qb5 Qc7 15. e5 O-O 16. d6 Qc6 17. Bd3 Qxb5 18. Nxb5 Bg7 19. O-O-O b6 20. Be4 Rb8 21. Rhe1 f5 22. exf6 Bxf6 23. c4 Bb7 24. Bxb7 Rxb7 25. Re4 Nb8 26. Nxh4 Nc6 27. Nf3 a6 28. Nc7 b5 29. cxb5 axb5 30. Rg4+ Kh8 31. Kc2 Bg7 32. Rg5 Nd4+ 33. Nxd4 Bxd4 34. Rd2 b4 35. axb4 Rxb4 36. b3 Rb6 37. Kd3 Rxb3+ 38. Kc4 Rc3+ 39. Kb5 Rb8+ 40. Ka4 Be3 41. Rxc5 Rxc5 42. Nxe6 0-1

[Event "*** Titled Tuesday Blitz"]
[Site "Chess.com"]
[Date "2019.05.07"]
[Round "3"]
[White "PotapovaM"]
[Black "Cocaino74"]
[Result "1-0"]
[WhiteElo "2455"]
[BlackElo "2273"]
[TimeControl "180+2"]
[EndTime "13:38:56 PDT"]
[Termination "PotapovaM won by resignation"]

1. e4 c5 2. Nf3 Nc6 3. Bb5 g6 4. Bxc6 bxc6 5. O-O Bg7 6. Re1 Nh6 7. c3 O-O 8. d4 cxd4 9. cxd4 d5 10. e5 f6 11. e6 Qd6 12. Qe2 f5 13. b3 Ng4 14.
Ba3 Qb8 15. h3 Nf6 16. Ne5 Qc7 17. Rc1 Bb7 18. Nc3 Ne4 19. Nxd5 Bxe5 20. Nxc7 Bxc7 21.
d5 Be5 22. dxc6 Bxc6 23. Bb2 Bxb2 24. Qxb2 Rac8 25. f3 Ng3 26. Kh2 f4 27. Rc4 Bd5 28.
Rxc8 Rxc8 29. Rc1 Rf8 30. Qe5 Ba8 31. Rc7 Nf5 32. Rxa7 Bc6 33. Rc7 Ba8 34. b4 Rd8 35. Qxf4 h6 36. b5 Bd5 37. Qe5 Bxa2 38. b6 Nd6 39.
Rxe7 1-0

[Event "*** Titled Tuesday Blitz"]
[Site "Chess.com"]
[Date "2019.05.07"]
[Round "3"]
[White "Rap_woyska"]
[Black "korason34"]
[Result "1/2-1/2"]
[WhiteElo "2414"]
[BlackElo "2583"]
[TimeControl "180+2"]
[EndTime "13:39:04 PDT"]
[Termination "Game drawn by repetition"]

1. c4 g6 2. Nf3 Bg7 3. Nc3 d6 4. d4 Nc6 5. g3 Bg4 6. d5 Ne5 7. Bg2 h5 8. O-O Qd7 9. Nd2 Bh3 10. f4 Bxg2 11. Kxg2 Ng4 12. Nf3 f5 13. h3 N4h6 14. Be3 Nf6 15. Bd4 O-O 16. Ng5 c5 17. Bg1 Nf7 18. Ne6 Rfc8 19. Nxg7 Kxg7 20. Re1 e6 21. e4 fxe4 22. Nxe4 Nxe4 23. Rxe4 exd5 24. Qxd5 Re8 25. Rae1 Rxe4 26. Rxe4 Re8 27. Be3 Rxe4 28. Qxe4 b5 29. Bd2 bxc4 30. Bc3+ Kh7 31. Qd5 Kg8 32. Kf3 Qxh3 33.
Qa8+ Kh7 34. Qf8 Qf1+ 35. Ke3 Qd3+ 36. Kf2 Qc2+ 37. Kf3 Qd1+ 38. Kf2 Qc2+ 39. Kf1 Qd1+ 40. Kf2 Qc2+ 41. Kf1 Qd1+ 42. Kf2 Qc2+ 1/2-1/2

[Event "*** Titled Tuesday Blitz"]
[Site "Chess.com"]
[Date "2019.05.07"]
[Round "3"]
[White "Tash_Boy"]
[Black "DrBergerBerger"]
[Result "1-0"]
[WhiteElo "2629"]
[BlackElo "2409"]
[TimeControl "180+2"]
[EndTime "13:39:06 PDT"]
[Termination "Tash_Boy won on time"]

1. e4 e6 2. d4 d5 3. Nd2 c5 4.
Ngf3 cxd4 5. Nxd4 Nc6 6. Nxc6 bxc6 7. Bd3 Bd6 8. O-O Ne7 9. Qe2 Ng6 10. g3 O-O 11. f4 f5 12. exd5 exd5 13. Nf3 Re8 14.
Qg2 Ba6 15. Bxa6 Qb6+ 16. Kh1 Qxa6 17. Bd2 Re4 18. Qh3 Rf8 19. Ng5 h6 20. Nxe4 dxe4 21. Rfd1 Bc5 22. Qf1 Qb6 23. Bc3 Ne7 24. Rd7 Rf7 25. b4 Bf2 26. Be1 Bd4 27. Rd1 Nd5 28. Rxf7 Kxf7 29. Qc4 Bf6 30. b5 Qe3 31. Qf1 Qc5 32.
bxc6 Qxc6 33. Qe2 Kg6 34. c4 Nb6 35. Rc1 e3+ 36. Kg1 Bd4 37. c5 Nd5 38. Qc4 1-0